 Dungeon Crawl Stone Soup version 0.31-a0-175-g9f7f995f2b (webtiles) character file.

Game seed: 12232754811275470085

1194 pokeman the Thaumaturge (level 8, 0/44 HPs)
             Began as a Deep Elf Hedge Wizard on June 16, 2023.
             Slain by an unseen horror (2 damage)
             ... on level 6 of the Dungeon.
             The game lasted 00:10:28 (5641 turns).

pokeman the Thaumaturge (Deep Elf Hedge Wizard)     Turns: 5641, Time: 00:10:28

Health: 0/44       AC:  4    Str:  7    XL:     8   Next: 20%
Magic:  17/23      EV: 13    Int: 22    God:
Gold:   273        SH:  0    Dex: 14    Spells: 17/25 levels left

rFire   + . .        a - +7 hammer of Qeituo Veem {freeze, rF+ rCorr Stlth-}
rCold   + . .        (no shield)
rNeg    . . .        b - +0 robe
rPois   .            c - +0 hat
rElec   .            v - +0 cloak
rCorr   +            (no gloves)
SInv    .            o - +0 pair of boots
Will    .....        (no amulet)
Stlth   +            m - +4 ring of slaying
HPRegen 0.27/turn    F - ring of protection from cold
MPRegen 0.18/turn

%: no passive effects
@: on blink cooldown
A: no striking features
a: no special abilities


You were on level 6 of the Dungeon.
You visited 2 branches of the dungeon, and saw 7 of its levels.

You collected 273 gold pieces.

Inventory:

Hand Weapons
 a - the +7 hammer of Qeituo Veem (weapon) {freeze, rF+ rCorr Stlth-}
   (You found it on level 3 of the Dungeon)

   rF:        It protects you from fire.
   rCorr:     It protects you from acid and corrosion.
   Stlth:     It makes you less stealthy.
 g - a +0 dagger of venom
 u - a +2 quarterstaff of chaos
Missiles
 x - a throwing net
Armour
 b - a +0 robe (worn)
 c - a +0 hat (worn)
 o - a +0 pair of boots (worn)
 v - a +0 cloak (worn)
Magical Staves
 f - a staff of earth
 n - a staff of conjuration
Jewellery
 m - a +4 ring of slaying (left hand)
 t - a +6 ring of strength
 D - a +6 ring of dexterity
 F - a ring of protection from cold (right hand)
Wands
 H - a wand of acid (6)
Scrolls
 e - 2 scrolls of fog {unknown}
 h - 3 scrolls of identify {unknown}
 i - 2 scrolls of noise {unknown}
 l - a scroll of blinking {unknown}
 r - 3 scrolls of fear {unknown}
 s - a scroll of acquirement {unknown}
 y - a scroll of revelation {unknown}
 A - a scroll of amnesia {unknown}
 C - a scroll of teleportation {unknown}
Potions
 d - a potion of magic
 j - 5 potions of curing
 k - a potion of lignification {unknown}
 p - a potion of attraction {unknown}
 q - 3 potions of brilliance {unknown}
 w - 2 potions of haste {unknown}
 z - a potion of heal wounds {unknown}
 B - a potion of ambrosia {unknown}
 E - a potion of might {unknown}
 G - a potion of enlightenment {unknown}
 I - 2 potions of mutation {unknown}


   Skills:
 - Level 2.0 Fighting
 + Level 2.0 Armour
 - Level 3.0 Dodging
 - Level 3.1 Stealth
 * Level 9.3 Spellcasting
 + Level 4.7 Conjurations
 - Level 1.1 Summonings
 - Level 1.1 Translocations
 - Level 1.0 Air Magic
 + Level 3.3 Earth Magic
 - Level 1.2 Poison Magic
 - Level 1.0 Evocations


You had 17 spell levels left.
You knew the following spells:

 Your Spells              Type           Power      Damage    Failure   Level
a - Magic Dart            Conj           100%       1d8       1%          1
b - Mephitic Cloud        Conj/Pois/Air  20%        N/A       8%          3
c - Call Imp              Summ           30%        N/A       6%          2
d - Blink                 Tloc           30%        N/A       6%          2

Your spell library contained the following spells:

 Spells                   Type           Power      Damage    Failure   Level
 Slow                     Hex            40%        N/A       6%          1
 Cigotuvi's Dreadful Rot  Necr/Pois/Air  26%        N/A       7%          2
 Dazzling Flash           Conj/Hex       40%        N/A       8%          3
 Silence                  Hex/Air        6%         N/A       82%         5
 Agony                    Necr           10%        N/A       87%         5


Dungeon Overview and Level Annotations

Branches:
Dungeon (6/15)             Temple (1/1) D:5

Altars:
Ashenzari
Cheibriados
Fedhas
Gozag
Hepliaklqana
Kikubaaqudgha
Makhleb
Okawaru
Qazlal
Ru
Sif Muna
Trog
Uskayaw
Wu Jian
Yredelemnul
The Shining One

Shops:
D:3 *


Message History

Casting: Magic Dart (safe; 1% risk of failure)
Confirm with . or Enter, or press ? or * to list all spells.
You can't see any susceptible monsters within range! (Use Z to cast anyway.) Unknown command.
Something hits you!
Casting: Magic Dart (safe; 1% risk of failure)
Confirm with . or Enter, or press ? or * to list all spells.
Aiming: Magic Dart (safe; 1% risk of failure)
Press: ? - help, Shift-Dir - straight line, f/p - sleepcap
Aim: a sleepcap (lightly damaged, 100% to hit)
The magic dart hits the sleepcap but does no damage.
The sleepcap is lightly damaged.
Something hits you.
Casting: Magic Dart (safe; 1% risk of failure)
Confirm with . or Enter, or press ? or * to list all spells.
Aiming: Magic Dart (safe; 1% risk of failure)
Press: ? - help, Shift-Dir - straight line, f/p - sleepcap
Aim: a sleepcap (lightly damaged, 100% to hit)
The magic dart hits the sleepcap.
The sleepcap is moderately damaged.
Something hits you.
Casting: Magic Dart (safe; 1% risk of failure)
Confirm with . or Enter, or press ? or * to list all spells.
A tiny devil pulls itself out of the air.
Something barely misses you. Something hits you! Something hits you.
* * * LOW HITPOINT WARNING * * *
Something hits your cerulean imp. The sleepcap attacks as you move away!
The sleepcap barely misses you. Something hits you!
* * * LOW HITPOINT WARNING * * *
Your cerulean imp completely misses the sleepcap.
Casting: Call Imp (safe; 6% risk of failure)
Confirm with . or Enter, or press ? or * to list all spells.
You blink.
Something hits you but does no damage.
Your cerulean imp hits the sleepcap but does no damage.
You sock the sleepcap! You freeze the sleepcap.
The sleepcap is severely damaged.
Something hits you.
You die...

.... ... ...
..# #.# # ##.#
#.##..#########
#.5.@#.......#
#.##f.#.#####.#
#..#.#...<.###
#.ยง#.##.#....#
##.#.##...##)#
#.#.####.##.#
#.#.## #.##.#
#.#(.# #....#
#.##.# ######


You could see a sleepcap (ally target) and a friendly cerulean imp (summoned).

Vanquished Creatures
  A water moccasin (D:5)
  2 black bears (D:5)
  An ice beast (D:5)
  2 ogres (D:5)
  3 scorpions (D:5)
  A howler monkey (D:5)
  2 hounds
  A jelly (D:5)
  Crazy Yiuf (D:3)
  A gnoll bouda (D:4)
  2 iguanas
  7 adders
  9 gnolls
  A white imp (D:5)
  2 worms
  A dart slug (D:1)
  8 orcs
  6 ball pythons
  7 endoplasms
  5 giant cockroaches
  4 goblins
  7 hobgoblins
  12 jackals
  A bat (D:3)
  3 frilled lizards
  4 kobolds
  5 rats
99 creatures vanquished.

Notes
Turn   | Place    | Note
-------+----------+-------------------------------------------
     0 | D:1      | pokeman the Deep Elf Hedge Wizard began the quest for the
                  | Orb.
     0 | D:1      | Reached XP level 1. HP: 10/10 MP: 7/7
   327 | D:1      | Reached XP level 2. HP: 7/16 MP: 1/9
   937 | D:1      | Reached skill level 5 in Spellcasting
   937 | D:1      | Reached XP level 3. HP: 7/20 MP: 9/11
   941 | D:1      | Learned a level 3 spell: Mephitic Cloud
   944 | D:1      | Learned a level 2 spell: Call Imp
   947 | D:1      | Learned a level 2 spell: Blink
  1003 | D:2      | Reached skill level 1 in Fighting
  1003 | D:2      | Reached skill level 1 in Armour
  1325 | D:2      | Reached XP level 4. HP: 25/25 MP: 5/13
  2642 | D:3      | Reached skill level 6 in Spellcasting
  2745 | D:3      | Reached XP level 5. HP: 29/29 MP: 8/15
  2846 | D:3      | Found a bloodstained altar of Trog.
  2881 | D:3      | Found Fuher's General Store.
  2966 | D:3      | Found a runed translucent door.
  2967 | D:3      | Noticed Crazy Yiuf
  3199 | D:3      | Killed Crazy Yiuf
  3217 | D:3      | Identified the +7 hammer of Qeituo Veem {freeze, rF+ rCorr
                  | Stlth-}
  3359 | D:4      | Reached skill level 1 in Earth Magic
  3363 | D:4      | Reached skill level 1 in Air Magic
  3363 | D:4      | Reached XP level 6. HP: 29/34 MP: 7/17
  3703 | D:4      | Found an ancient bone altar of Kikubaaqudgha.
  3703 | D:4      | Found a shimmering blue altar of Sif Muna.
  4191 | D:5      | Entered Level 5 of the Dungeon
  4196 | D:5      | Reached skill level 7 in Spellcasting
  4196 | D:5      | Reached skill level 1 in Poison Magic
  4196 | D:5      | Reached skill level 1 in Evocations
  4218 | D:5      | Noticed an ice beast
  4326 | D:5      | Noticed an ice beast
  4512 | D:5      | Reached XP level 7. HP: 34/38 MP: 13/20
  4596 | D:5      | Found a staircase to the Ecumenical Temple.
  4604 | Temple   | Entered the Ecumenical Temple
  4604 | Temple   | Found a transporter.
  4604 | Temple   | Found a transporter.
  4606 | Temple   | Found a transporter.
  4606 | Temple   | Found a transporter.
  4979 | D:5      | Reached skill level 8 in Spellcasting
  5430 | D:5      | Reached skill level 9 in Spellcasting
  5430 | D:5      | Reached XP level 8. HP: 13/44 MP: 13/23
  5639 | D:6      | HP: 2/44 [something (9)]
  5641 | D:6      | Slain by an unseen horror

Illustrated notes

Levels and vault maps discovered:
D:1:      amcnicky_arrival_single_pillar, layout_loops_ring
D:2:      layout_basic
D:3:      layout_rooms, mainiacjoe_overflow_boulevard, serial_shops,
          nicolae_shop_behind_doors, uniq_crazy_yiuf_cottage
D:4:      cheibrodos_old_hovel, layout_gridville,
          nicolae_overflow_two_pavilions, minmay_crystal_room,
          hangedman_decor_push, chequers_jeans, chequers_serial_rivers_micro_b,
          grunt_ministairs_7
D:5:      minmay_opposing_rooms, layout_basic,
          minmay_temple_entry_statues_pillars
D:6:      minmay_cornered_nines, layout_basic, nicolae_vehumet_altar_sigil,
          elyvilon_altar_1
Temple:   hellmonk_temple_divided_pantheon

Skill      XL: |  1  2  3  4  5  6  7  8 |
---------------+-------------------------+-----
Spellcasting   | 5 6 7 9 |  9.3
Fighting       | 1 2 |  2.0
Armour         | 1 2 |  2.0
Conjurations   | 2 3 4 |  4.7
Dodging        | 3 |  3.0
Stealth        | 3 |  3.1
Earth Magic    | 1 3 |  3.3
Air Magic      | 1 |  1.0
Poison Magic   | 1 |  1.2
Evocations     | 1 |  1.0
Summonings     | |  1.1
Translocations | |  1.1

Action                     |  1- 3 |  4- 6 |  7- 9 || total
---------------------------+-------+-------+-------++-------
  Melee: Dagger            |    19 |     1 |       ||    20
         Mace              |       |    16 |    18 ||    34
         Punch             |       |       |     1 ||     1
   Cast: Magic Dart        |    47 |   145 |    54 ||   246
         Mephitic Cloud    |     2 |     5 |     7 ||    14
         Blink             |     1 |     1 |     2 ||     4
         Call Imp          |       |     3 |     3 ||     6
    Use: Potion            |       |       |     1 ||     1
   Stab: Sleeping          |       |     1 |       ||     1
         Confused          |       |     2 |       ||     2
 Armour: Robe              |     2 |     7 |    14 ||    23
  Dodge: Dodged            |    12 |    21 |    28 ||    61

Table legend: (Time is in decaauts)
 A = Elapsed time spent in this place.
 B = Non-inter-level travel time spent in this place.
 C = Inter-level travel time spent in this place.
 D = Time resting spent in this place.
 E = Time spent auto-exploring this place.
 F = Levels seen in this place.
 G = Mean time per level.
                   A        B        C        D        E       F      G
               +--------+--------+--------+--------+--------+-----+--------+
         Total |   5652 |   5354 |    298 |    382 |   4247 |   7 |  807.4 |
       Dungeon |   5603 |   5314 |    289 |    382 |   4246 |   6 |  933.8 |
        Temple |     48 |     39 |      9 |      0 |      1 |   1 |   48.0 |
               +--------+--------+--------+--------+--------+-----+--------+

Top non-repeatable levels by time:
     D:2: 1315 daAuts
     D:5: 1180 daAuts
     D:3: 1064 daAuts
     D:4: 1045 daAuts
     D:1: 949 daAuts
  Temple: 48 daAuts
     D:6: 48 daAuts
